Map: Acid Plant LE

Players

Lambo - Winner!

  • Race: Zerg Zerg
  • Spawn Location: 11:00

souL

  • Race: Terran Terran
  • Spawn Location: 5:00

Event: WCS Leipzig 2018

VOD

Have the link to the VOD?

Description

Time

  • Played on: Jan. 26, 2018, 6:55 a.m.
  • Length: 14:23

All games in this series

Show
View Real Time Build Order
Export as new Build Order

Lambo Zerg - Winner!

Build Orders: Hatch First, Zergling Baneling 

Get SALT Encoding   

  12  0:01  Drone  
  13  0:15  Overlord  
  13  0:20  Drone  
  14  0:34  Drone x2  
  16  0:39  Drone  
  17  0:55  Hatchery  
  16  0:57  Drone  
  16  0:59  Drone  
  18  1:11  Extractor  
  18  1:14  Spawning Pool  
  18  1:16  Drone  
  17  1:20  Drone  
  18  1:31  Drone  
  19  1:42  Overlord  
  19  1:52  Drone  
  20  2:01  Queen  
  20  2:03  Zergling x2  
  20  2:07  Queen  
  20  2:08  Zergling x2  
  26  2:15  Drone  
  27  2:20  Drone  
  28  2:24  Metabolic Boost  
  28  2:25  Drone  
  28  2:29  Drone  
  29  2:36  Drone  
  30  2:38  Queen  
  30  2:41  Drone  
  33  2:48  Overlord  
  33  2:51  Drone  
  34  2:56  Drone  
  35  3:02  Drone  
  36  3:07  Drone  
  36  3:10  Drone x2  
  36  3:11  Drone  
  40  3:15  Drone  
  40  3:18  Hatchery  
  39  3:20  Drone x2  
  39  3:23  Queen  
  43  3:28  Overlord  
  43  3:36  Baneling Nest  
  43  3:37  Drone  
  43  3:44  Overlord  
  43  3:51  Queen  
  43  3:52  Zergling x12  
  51  3:56  Overlord  
  51  4:02  Overlord  
  51  4:03  Zergling x4  
  51  4:07  Zergling x4  
  55  4:18  Zergling x2, Overlord  
  55  4:21  Drone x2  
  55  4:22  Drone  
  55  4:23  Drone x3  
  62  4:26  Queen  
  62  4:28  Drone  
  65  4:32  Baneling x5  
  65  4:36  Drone x2  
  65  4:37  Zergling x2  
  68  4:40  Zergling x2  
  68  4:44  Drone  
  68  4:45  Baneling  
  70  4:46  Baneling x2  
  70  4:50  Overlord  
  70  4:52  Drone x2  
  72  4:53  Drone  
  72  4:54  Overlord  
  71  5:01  Drone x2  
  71  5:04  Drone  
  71  5:06  Lair  
  72  5:07  Drone  
  72  5:11  Drone  
  68  5:14  Drone x2  
  68  5:19  Drone x3  
  73  5:22  Drone  
  73  5:25  Drone x2  
  73  5:28  Extractor  
  73  5:33  Extractor  
  73  5:34  Zergling x2  
  74  5:35  Evolution Chamber  
  74  5:36  Overlord  
  74  5:37  Evolution Chamber  
  74  5:42  Overlord  
  70  5:45  Overlord  
  70  5:49  Hatchery, Overlord  
  69  5:50  Zergling x8  
  69  5:51  Zergling x2  
  69  5:55  Drone, Extractor  
  74  5:57  Drone  
  74  6:00  Drone x4, Extractor  
  74  6:01  Extractor  
  77  6:07  Drone x2  
  77  6:08  Drone x2  
  77  6:09  Centrifical Hooks  
  77  6:10  Drone  
  77  6:11  Drone  
  83  6:15  Drone x2  
  83  6:16  Drone x2  
  87  6:21  Drone  
  87  6:23  Zerg Ground Armor Level 1  
  87  6:24  Drone  
  89  6:32  Baneling, Zergling x8  
  93  6:33  Baneling x6  
  93  6:37  Zergling x4  
  95  6:41  Zergling x6  
  97  6:50  Hatchery  
  97  6:52  Zergling x2  
  97  6:54  Drone x3  
  96  6:57  Zerg Melee Weapons Level 1  
  96  6:59  Hydralisk Den, Infestation Pit  
  95  7:06  Zergling x4  
  97  7:10  Overlord x2  
  97  7:11  Pneumatized Carapace, Overlord x2  
  97  7:14  Overlord  
  97  7:22  Overlord  
  97  7:27  Overlord  
  97  7:29  Zergling x20  
  107  7:31  Muscular Augments  
  107  7:35  Overlord  
  105  7:39  Zergling x2  
  101  7:45  Zergling x2  
  101  7:48  Zergling x4  
  101  7:52  Zergling x2  
  101  7:55  Hydralisk  
  101  7:56  Hydralisk x2, Hive  
  101  7:57  Hydralisk x2  
  107  8:01  Queen  
  107  8:02  Hydralisk x3  
  107  8:03  Hydralisk x2  
  119  8:06  Baneling x5  
  119  8:08  Overseer  
  119  8:12  Drone  
  120  8:13  Overlord  
  120  8:15  Overlord  
  120  8:17  Overlord  
  120  8:18  Overlord  
  120  8:22  Overlord  
  120  8:26  Hydralisk  
  118  8:28  Overlord x3  
  118  8:33  Hydralisk x6, Overlord  
  128  8:37  Baneling x2  
  128  8:38  Zergling x2  
  128  8:39  Zergling x4  
  131  8:44  Zergling x8  
  131  8:48  Zergling x2  
  128  8:49  Zergling x2  
  128  8:51  Zergling x6  
  128  8:54  Baneling x4  
  132  8:55  Zerg Missile Weapons Level 1  
  132  8:58  Zergling x4  
  132  8:59  Baneling  
  132  9:00  Zergling x4  
  135  9:05  Zergling x4  
  135  9:07  Zergling x2  
  138  9:10  Zergling x4  
  138  9:12  Zergling x4  
  138  9:16  Zergling x4  
  130  9:19  Zergling x6  
  130  9:21  Zergling x2  
  121  9:24  Zergling x2  
  121  9:26  Baneling x4  
  121  9:27  Viper x2  
  121  9:28  Ultralisk Cavern  
  127  9:32  Zergling x2  
  127  9:33  Zergling x4  
  127  9:34  Baneling, Zergling x2  
  127  9:35  Zergling x4  
  127  9:36  Zerg Ground Armor Level 2  
  127  9:38  Zergling x2  
  134  9:41  Zergling x2  
  134  9:42  Zergling x2, Overlord  
  134  9:45  Zergling x6  
  138  9:49  Queen  
  138  9:52  Zergling x6  
  143  9:56  Zergling x2  
  143  9:57  Zergling x8  
  148  10:05  Baneling x6  
  148  10:11  Spore Crawler  
  148  10:12  Spore Crawler  
  146  10:14  Chitinous Plating  
  146  10:16  Ultralisk  
  146  10:18  Queen  
  154  10:25  Ultralisk  
  154  10:26  Zergling x4  
  154  10:27  Zergling x2  
  163  10:39  Zergling x2  
  138  10:51  Drone x5  
  138  10:53  Drone x2  
  145  11:03  Ultralisk x2  
  157  11:07  Ultralisk  
  157  11:08  Drone  
  164  11:13  Overlord  
  164  11:16  Baneling x7  
  164  11:17  Zergling x4  
  166  11:20  Zergling x2  
  166  11:21  Zergling x4  
  169  11:27  Baneling x2  
  169  11:28  Zergling x12  
  175  11:33  Zergling x4  
  175  11:35  Overlord  
  175  11:39  Zergling x2  
  164  11:47  Zergling x18  
  164  11:51  Zergling x4  
  156  11:56  Zergling x2  
  154  12:02  Burrow  
  149  12:11  Zergling x14  
  139  12:16  Zergling x2  
  139  12:20  Zergling x2  
  136  12:27  Zergling x2  
  134  12:30  Ultralisk x2  
  134  12:34  Zergling x6  
  127  12:43  Drone x3  
  129  12:55  Ultralisk, Hydralisk  
  129  12:56  Hydralisk  
  139  13:00  Baneling  
  139  13:02  Zergling x8  
  139  13:04  Zergling x2  
  139  13:05  Zergling x2  
  132  13:13  Zergling x8  
  136  13:23  Hatchery, Zergling x16  
  136  13:25  Baneling x7  
  143  13:31  Zergling x4  
  139  13:34  Baneling x3  
  139  13:35  Baneling, Zergling x2  
  139  13:39  Zergling x4  
  139  13:40  Baneling  
  141  13:44  Zergling x4  
  142  13:53  Zergling x8  
  142  13:55  Zergling x2  
  136  14:00  Zergling x6  
  125  14:04  Zergling x4  
Show
View Real Time Build Order
Export as new Build Order

souL Terran 

Build Orders: Reaper Expand, MMM Bio 

Get SALT Encoding   

  12  0:00  SCV  
  13  0:12  SCV  
  14  0:17  Supply Depot  
  14  0:25  SCV  
  15  0:38  SCV  
  15  0:40  Barracks  
  16  0:45  Refinery  
  16  0:51  SCV  
  17  1:03  SCV  
  18  1:15  SCV  
  19  1:27  Orbital Command  
  19  1:28  Reaper  
  20  1:41  Command Center  
  20  1:48  Supply Depot  
  20  1:53  SCV  
  21  2:00  Marine  
  22  2:05  Factory  
  22  2:09  SCV  
  22  2:13  Refinery  
  23  2:23  Barracks Reactor  
  23  2:32  SCV  
  24  2:44  SCV  
  25  2:52  Starport  
  25  2:55  Orbital Command  
  25  2:58  SCV  
  26  3:03  Hellion x2  
  30  3:10  SCV  
  31  3:16  Supply Depot, Barracks Tech Lab  
  31  3:22  SCV  
  31  3:23  SCV  
  33  3:30  Viking  
  35  3:34  SCV  
  35  3:35  SCV  
  37  3:43  Command Center  
  37  3:46  SCV  
  37  3:48  Supply Depot  
  38  3:49  SCV  
  39  3:56  Marine  
  39  3:58  SCV  
  39  4:00  Supply Depot  
  39  4:01  Stimpack  
  39  4:02  SCV  
  42  4:10  SCV  
  42  4:14  SCV, Factory Reactor  
  44  4:20  Starport Reactor  
  44  4:21  Barracks  
  44  4:23  Marine  
  44  4:24  SCV, Barracks  
  45  4:26  SCV  
  47  4:36  Engineering Bay x2  
  47  4:39  SCV  
  47  4:41  SCV, Marine  
  50  4:51  SCV  
  51  4:53  SCV  
  51  4:58  Orbital Command  
  51  4:59  Marine  
  53  5:03  SCV  
  53  5:04  Factory Tech Lab  
  49  5:08  Supply Depot  
  49  5:09  Marine  
  43  5:17  Supply Depot, Marine  
  43  5:20  Marine  
  40  5:22  Marine  
  40  5:30  SCV x2  
  40  5:31  SCV  
  40  5:34  Medivac x2  
  46  5:38  Marine  
  46  5:41  Marine x3  
  46  5:42  SCV x2  
  52  5:43  SCV  
  52  5:46  Marine  
  54  5:50  Terran Infantry Weapons Level 1  
  54  5:52  Terran Infantry Armor Level 1  
  54  5:54  SCV  
  54  5:55  SCV, Marine  
  57  5:57  SCV  
  57  5:58  Marine  
  57  6:00  Marine  
  57  6:01  Marine  
  57  6:03  Combat Shields  
  61  6:06  SCV, Marine  
  61  6:07  SCV  
  61  6:09  SCV  
  65  6:13  Medivac  
  65  6:15  Marine  
  65  6:18  SCV  
  69  6:19  SCV  
  69  6:22  Refinery  
  69  6:23  Refinery, Marine  
  69  6:24  Orbital Command, Marine x3  
  74  6:30  SCV  
  74  6:31  Supply Depot  
  74  6:32  SCV  
  76  6:33  Marine  
  76  6:39  Siege Tank  
  80  6:41  Marine x4  
  80  6:42  SCV  
  85  6:50  SCV  
  85  6:52  Marine  
  82  6:56  SCV x2  
  82  6:59  Medivac, Marine x4  
  90  7:02  SCV  
  90  7:04  Supply Depot  
  90  7:08  SCV, Supply Depot  
  92  7:10  Marine  
  93  7:17  Supply Depot  
  93  7:18  Supply Depot  
  93  7:21  Barracks  
  93  7:25  Marine x3  
  93  7:26  SCV x2, Siege Tank  
  93  7:29  Marine x2  
  103  7:30  Armory, Barracks  
  103  7:33  SCV  
  104  7:38  SCV  
  104  7:43  Marine x3  
  106  7:47  Marine x2  
  108  7:51  Medivac x2  
  108  7:55  SCV  
  108  7:58  Siege Tank  
  113  8:00  SCV  
  113  8:01  SCV, Marine x3  
  113  8:03  Supply Depot  
  113  8:05  Supply Depot, Marine x2  
  120  8:07  SCV  
  122  8:12  SCV  
  122  8:13  SCV  
  122  8:14  Barracks Reactor  
  122  8:17  Marine  
  122  8:19  Marine x3  
  125  8:24  SCV, Marine x2  
  125  8:25  SCV  
  127  8:30  Siege Tank, Terran Infantry Weapons Level 2  
  130  8:36  Command Center  
  130  8:37  Liberator x2, Marine x3  
  131  8:42  Marine x2  
  119  8:51  Marine x2  
  119  8:53  Barracks Reactor  
  119  8:55  Marine x3  
  126  8:56  Terran Infantry Armor Level 2  
  126  8:57  Barracks x2  
  126  9:00  Marine x2  
  126  9:02  Supply Depot  
  128  9:05  SCV  
  128  9:06  SCV  
  128  9:08  Marine  
  128  9:09  Marine  
  132  9:13  Marine  
  132  9:14  SCV, Marine  
  132  9:15  Marine  
  124  9:17  Marine x2  
  124  9:23  Siege Tank  
  126  9:26  Marine x2  
  126  9:31  Marine  
  129  9:33  Marine  
  129  9:34  Marine  
  129  9:36  Marauder  
  129  9:37  Medivac x2, Marine x3  
  140  9:44  Marine x3  
  143  9:48  Planetary Fortress  
  143  9:49  Marine  
  143  9:50  Marine  
  145  10:03  Barracks Tech Lab x2  
  145  10:04  SCV x2  
  145  10:06  SCV, Barracks  
  147  10:07  Medivac  
  147  10:09  Refinery  
  147  10:10  Refinery  
  147  10:11  Sensor Tower, Marine, Marauder  
  147  10:12  Refinery, Marine x3  
  147  10:13  Marine  
  156  10:14  Marine  
  156  10:15  Marine  
  156  10:16  SCV  
  159  10:23  Marauder x2  
  159  10:27  SCV  
  164  10:37  Siege Tank  
  164  10:39  Marine x3  
  164  10:40  Marine x4  
  164  10:41  Marine  
  164  10:43  Marauder  
  164  10:44  Marine  
  164  10:47  SCV  
  164  10:58  Marine x3  
  164  11:02  SCV, Marauder  
  164  11:05  Supply Depot  
  164  11:07  Supply Depot  
  164  11:27  Medivac, Marine x6  
  164  11:29  Marauder x2, Marine, Siege Tank  
  164  11:31  Ghost Academy  
  180  11:33  Starport, Barracks  
  180  11:35  Concussive Shells, Barracks Tech Lab  
  180  11:42  Marine  
  180  11:43  Marine  
  180  11:44  Marine x5  
  180  11:46  Marine  
  163  11:50  Marauder  
  137  12:00  Marine x2  
  137  12:01  Siege Tank  
  127  12:02  Marine x5  
  127  12:03  Ghost  
  127  12:04  Ghost x2, Marine  
  132  12:11  Ghost, Starport Reactor  
  118  12:18  Marine x2  
  118  12:20  Marine x5  
  118  12:22  Marine  
  96  12:32  Ghost, Marine  
  96  12:33  Marauder, Siege Tank  
  96  12:36  Marine x2  
  94  12:38  Marine x5  
  94  12:40  Marine, Marauder  
  102  12:49  Orbital Command  
  102  12:51  Marauder  
  104  12:54  Medivac, Marine x2, Marauder  
  104  12:56  Marine  
  111  13:01  Marauder  
  111  13:02  Refinery, Marauder  
  111  13:05  Siege Tank  
  118  13:11  Medivac  
  113  13:13  Marine x2, Marauder  
  113  13:15  Marine x2  
  113  13:17  Marine  
  120  13:21  Marine, Marauder  
  120  13:22  Marine  
  120  13:24  Marine  
  120  13:26  Marine  
  126  13:34  Marine  
  126  13:35  Marauder, Marine  
  126  13:36  Marauder  
  126  13:39  Marine  
  133  13:43  Marauder  
  133  13:44  Marauder  
  133  13:46  Marine  
  138  13:54  Marine  
  99  13:56  Marauder  
  99  13:58  Marine  
  99  13:59  Marine  
Tags
 
Add a new tag
Caveats
  • Supply blocks, unpowered buildings, or Contaminate may cause inaccurate times.
  • Supply counts are checked every 10 seconds.